 Dungeon Crawl Stone Soup version 0.30.1-4-g462c640d31 (webtiles) character file.

Game seed: 16100967801516871855

44 hilljack the Caller (level 3, 0/24 HPs)
             Began as a Human Summoner on Aug 13, 2023.
             Succumbed to an adder's poison
             ... on level 2 of the Dungeon.
             The game lasted 00:03:34 (1888 turns).

hilljack the Caller (Human Summoner)                Turns: 1888, Time: 00:03:35

Health: 0/24       AC:  3    Str: 10    XL:     3   Next: 87%
Magic:  2/6        EV: 12    Int: 15    God:
Gold:   118        SH:  0    Dex: 13    Spells: 0/6 levels left

rFire   . . .        d - +0 long sword (freeze)
rCold   . . .        (no shield)
rNeg    . . .        a - +0 robe
rPois   .            j - +0 helmet
rElec   .            (no cloak)
rCorr   .            (no gloves)
SInv    .            (no boots)
Will    .....        (no amulet)
Stlth   ++           (no ring)
HPRegen 0.24/turn    (no ring)
MPRegen 0.10/turn

%: no passive effects
@: lethally poisoned (0 -> -6), hasted, very quick
A: no striking features
a: no special abilities


You were on level 2 of the Dungeon.
You visited 1 branch of the dungeon, and saw 2 of its levels.

You collected 118 gold pieces.

Inventory:

Hand Weapons
 d - a +0 long sword of freezing (weapon)
Armour
 a - a +0 robe (worn)
 j - a +0 helmet (worn)
Magical Staves
 h - a staff of earth
 k - a staff of fire
Jewellery
 g - a +6 ring of dexterity
Scrolls
 f - a scroll of vulnerability
Potions
 b - a potion of magic
 e - a potion of heal wounds {unknown}
 i - a potion of mutation {unknown}


   Skills:
 - Level 2.0 Dodging
 - Level 2.0 Stealth
 - Level 2.0 Spellcasting
 + Level 5.2 Summonings


You couldn't memorise any spells.
You knew the following spells:

 Your Spells              Type           Power      Damage    Failure   Level
a - Summon Small Mammal   Summ           68%        N/A       2%          1
b - Call Imp              Summ           34%        N/A       3%          2
c - Call Canine Familiar  Summ           17%        N/A       8%          3

Your spell library contained the following spells:

 Spells                   Type           Power      Damage    Failure   Level
 Apportation              Tloc           2%         N/A       22%         1
 Necrotise                Necr           4%         1d4       22%         1
 Summon Guardian Golem    Hex/Summ       9%         N/A       22%         3
 Summon Lightning Spire   Summ/Air       9%         N/A       58%         4


Dungeon Overview and Level Annotations

Branches:
Dungeon (2/15)

Altars:


Message History

You open the door.
An adder comes into view.
The adder hisses angrily.
There is an open door here.
An adder is nearby!
You barely miss the adder. The adder closely misses you. The adder bites you.
You miss the adder. The adder bites you.
You are poisoned.
The adder poisons you! The adder bites you.
You miss the adder.
You feel sick. The adder completely misses you. The adder barely misses you.
You are too injured to fight recklessly!
Casting: Call Canine Familiar (quite dangerous; 8% risk of failure)
Confirm with . or Enter, or press ? or * to list all spells.
You feel sick. The adder bites you but does no damage.
You feel sick.
Your bat completely misses the adder.
The adder barely misses you.
Casting: Summon Small Mammal (safe; 2% risk of failure)
Confirm with . or Enter, or press ? or * to list all spells.
You feel sick.
Your bat completely misses the adder.
The adder bites you but does no damage. The adder bites you.
You feel sick. The adder closely misses you.
Your quokka barely misses the adder.
Your bat barely misses the adder.
Casting: Summon Small Mammal (safe; 2% risk of failure)
Confirm with . or Enter, or press ? or * to list all spells.
A tiny devil pulls itself out of the air.
You feel sick.
You are no longer poisoned.
Your bat hits the adder but does no damage.
Your bat barely misses the adder.
The adder bites you.
* * * LOW HITPOINT WARNING * * *
Your quokka misses the adder. The adder bites you.
* * * LOW HITPOINT WARNING * * *
You are lethally poisoned!
The adder poisons you!
Your bat barely misses the adder.
Your quokka barely misses the adder.
The adder barely misses you.
Your cerulean imp hits the adder from afar with a -3 spear.
It was a potion of haste.
You feel yourself speed up.
You die...

#.. ... ##+## #.#
.....# ###.####.....#
...#.###..S..
#.#..###.... #.'...##
... ##.#....####+#####
#r@#.....#.....#.##
#.bS##....#.....#..#
...5#.###...'...[.'...
####.#.#
##..#...†.#... #...#
##.#.....#... # ..#
#####'####.. #.+
#.....###. #.#
##.....### ##.....##


You could see an adder (ally target), a friendly cerulean imp (summoned), a
friendly quokka (summoned) and a friendly bat (summoned).

Vanquished Creatures
  A worm (D:2)
  2 endoplasms (D:1)
  2 giant cockroaches (D:1)
  3 hobgoblins
  4 jackals (D:1)
  3 quokkas (D:1)
  2 ball pythons (D:2)
  5 bats
  2 frilled lizards
  2 goblins (D:1)
  2 kobolds (D:1)
  2 rats (D:1)
30 creatures vanquished.

Vanquished Creatures (collateral kills)
  A bat (D:1)
  An endoplasm (D:2)
  3 goblins
  A ball python (D:2)
  4 rats (D:1)
10 creatures vanquished.

Grand Total: 40 creatures vanquished

Notes
Turn   | Place    | Note
-------+----------+-------------------------------------------
     0 | D:1      | hilljack the Human Summoner began the quest for the Orb.
     0 | D:1      | Reached XP level 1. HP: 13/13 MP: 3/3
   206 | D:1      | Reached XP level 2. HP: 14/19 MP: 5/5
   375 | D:1      | Learned a level 2 spell: Call Imp
   648 | D:1      | Reached XP level 3. HP: 19/24 MP: 4/6
  1198 | D:1      | Reached skill level 5 in Summonings
  1540 | D:2      | Learned a level 3 spell: Call Canine Familiar
  1888 | D:2      | Succumbed to an adder's poison

Illustrated notes

Levels and vault maps discovered:
D:1:      minmay_arrival_doors, layout_basic, hangedman_decor_clover_reticule
D:2:      layout_basic, grunt_ministairs_6, st_stairs_11,
          nicolae_concentric_dashed_squares_mild, minmay_quadrilaterals

Skill      XL: |  1  2  3 |
---------------+----------+-----
Summonings     | 5 |  5.2
Dodging        | |  2.0
Stealth        | |  2.0
Spellcasting   | |  2.0

Action                     || total
---------------------------++-------
  Melee: Long sword        ||    86
   Cast: Summon Small Mamm ||    34
         Call Imp          ||     3
         Call Canine Famil ||     1
    Use: Scroll            ||     6
         Potion            ||     1
   Stab: Sleeping          ||     1
         Distracted        ||     1
 Armour: Robe              ||    31
  Dodge: Dodged            ||   107
